Cogmind - Beta 13 @@@ ROGUE MODE // 2024.04.02 @ 22:48:38 Player: gabr Result: Destroyed by S-10 Pest with Light Assault Rifle Performance ------------- Evolutions (2) 1000 Regions Visited (3) 600 Robots Destroyed (50) 250 Value Destroyed (1321) 1321 Prototype IDs (3) 60 Alien Tech Used (0) 0 Bonus (0) 0 TOTAL SCORE: 3231 Bonus ------- None Cogmind --------- Core Integrity 0/550 Matter 255/300 Energy 100/100 System Corruption 2% Temperature Cool (2) Movement Flying (40) Location -8/Materials Parts ------- > --- POWER (1) -------- (None) > --- PROPULSION (5) --- Improved Flight Unit > --- UTILITY (3) ------ (None) > --- WEAPON (2) ------- (None) > --- INVENTORY (5) ---- Ion Engine Improved Ion Engine Light Deuterium Engine Aluminum Leg Light EM Pulse Cannon Peak State ------------ > --- POWER ------------ Light Deuterium Engine > --- PROPULSION ------- Improved Hover Unit Improved Hover Unit Improved Flight Unit Improved Flight Unit Improved Flight Unit > --- UTILITY ---------- Medium Storage Unit Improved Sensor Array Improved Signal Interpreter > --- WEAPON ----------- Shock Rifle Improved Medium Laser > --- INVENTORY -------- Ion Engine Light Ion Engine Improved Ion Engine Light Deuterium Engine Aluminum Leg Medium Armor Plating Shield Generator Shield Generator Hacking Suite Heavy Assault Rifle [Rating: 30] Favorites ----------- Power Ion Engine Engine Ion Engine Power Core Light Nuclear Core Propulsion Improved Flight Unit Treads Improved Treads Leg Aluminum Leg Hover Unit Improved Hover Unit Flight Unit Improved Flight Unit Utility Medium Storage Unit Device Shield Generator Storage Medium Storage Unit Processor Improved Signal Interpreter Protection Improved Light Armor Plating Weapon Heavy Assault Rifle Energy Gun Shock Rifle Energy Cannon Light EM Pulse Cannon Ballistic Gun Heavy Assault Rifle Launcher Grenade Launcher Build | -11 -10 -9 -8 ------- Run | Yrd Mat Mat Mat Slots Evolved 4 | . . 2 2 Power . | . . . . Propulsion 3 | . . 2 1 Utility 1 | . . . 1 Weapon . | . . . . Parts Attached 75 | 6 10 36 23 Power 9 | 1 1 5 2 Engine 7 | 1 . 5 1 Core 2 | . 1 . 1 Reactor . | . . . . Propulsion 24 | 2 3 12 7 Treads 5 | . 3 2 . Leg 4 | 2 . 2 . Wheel . | . . . . Hover 4 | . . . 4 Flight 11 | . . 8 3 Utility 16 | 1 3 5 7 Device 7 | . 1 3 3 Storage 2 | 1 1 . . Processor 2 | . . . 2 Hackware . | . . . . Protection 5 | . 1 2 2 Artifact . | . . . . Weapon 26 | 2 3 14 7 Energy Gun 9 | 1 . 4 4 Energy Cannon 1 | . . . 1 Ballistic Gun 14 | 1 2 9 2 Ballistic Cannon . | . . . . Launcher 2 | . 1 1 . Special Weapon . | . . . . Impact Weapon . | . . . . Slashing Weapon . | . . . . Piercing Weapon . | . . . . Special Melee Weapon . | . . . . Unidentified Prototypes 3 | . . 1 2 Corrupted Parts 1 | . . . 1 System Corruption 2 | . . . 2 Parts Lost 31 | . . 14 17 Power 3 | . . 2 1 Propulsion 9 | . . 3 6 Utility 6 | . . 3 3 Weapon 13 | . . 6 7 Highest Loss Streak 13 | . . 5 13 To Critical Strikes . | . . . . Average Slot Usage (%) 88 | . 98 86 82 Engine 5 | . 5 5 6 Core 3 | . 8 2 1 Treads 6 | . 22 1 . Leg 1 | . 5 . . Hover 4 | . . . 14 Flight 22 | . . 39 21 Device 8 | . 11 6 7 Storage 10 | . 14 11 7 Processor 2 | . . . 6 Protection 2 | . 1 2 3 Energy Gun 6 | . 1 4 12 Ballistic Gun 12 | . 25 13 . Naked Turns . | . . . . Heaviest Build 26 | 13 23 26 25 Greatest Support 92 | 20 46 92 28 Greatest Overweight (x) 4 | . . 4 2 Average Overweight (x) . | . . . . Largest Inventory Capacity 10 | 8 10 10 10 Average Capacity 9 | 7 8 10 9 Most Carried 10 | 6 10 10 10 Average Carried 8 | 3 8 8 8 Final Capacity 10 | 8 10 10 5 Final Carried 10 | 6 10 6 5 Class Distribution -------------------- 52% | Mutant 26% | Scavenger-Mutant 15% | Sprinter 5% | Scavenger-Sprinter Dominant Class ---------------- Mutant | -10/Materials Sprinter | -9/Materials Scavenger-Mutant | -8/Materials Resources | -11 -10 -9 -8 ----------- Run | Yrd Mat Mat Mat Matter Collected 1361 | 209 332 560 260 Remotely . | . . . . Salvage Created 1805 | . 503 761 541 Parts 122 | . 33 49 40 Haulers Intercepted 2 | . 1 . 1 Recyclers Shooed 2 | . 1 . 1 Parts Field Recycled . | . . . . Retrieved Matter . | . . . . Parts Self-Destructed . | . . . . Prevented . | . . . . Kills | -11 -10 -9 -8 ------- Run | Yrd Mat Mat Mat Combat Hostiles Destroyed 33 | . 6 22 5 Guns 26 | . 6 16 4 AOE 5 | . . 5 . Classes Destroyed 11 | . 7 2 2 Worker 4 | . 2 1 1 Builder 2 | . 1 . 1 Tunneler 1 | . . . 1 Hauler 2 | . 1 . 1 Recycler 3 | . 2 . 1 Operator 1 | . 1 . . Watcher 4 | . 1 . 3 Swarmer 6 | . . 6 . Grunt 20 | . 6 12 2 Brawler 1 | . . . 1 Sentry 6 | . . 4 2 Best Kill Streak 11 | . 11 9 4 Combat Bots Only 9 | . 2 9 2 Max Kills in Single Turn 2 | . 1 2 1 Gunslinging . | . . . . Exploded 2 | . . 2 . Melee . | . . . . Uniques/NPCs Destroyed . | . . . . Combat | -11 -10 -9 -8 -------- Run | Yrd Mat Mat Mat Hostile Shots Fired 367 | . 26 203 138 Missed 127 | . 9 67 51 Damage Taken 3283 | . 153 1637 1493 Core 934 | . 40 342 552 Absorbed by Shields 283 | . 58 143 82 Core Remaining (%) 66 | 100 84 14 . Volleys Fired 187 | . 36 97 54 Largest 2 | . 2 2 2 Hottest 106 | . 46 63 106 Shots Fired 290 | . 65 151 74 Gun 284 | . 65 145 74 Cannon . | . . . . Launcher 6 | . . 6 . Special . | . . . . Kinetic 190 | . 65 120 5 Thermal 52 | . . 15 37 Explosive 6 | . . 6 . Electromagnetic 42 | . . 10 32 Robot Hit Streak 20 | . 6 20 8 Robot Miss Streak 6 | . 4 6 4 Penetration Max . | . . . . Secondary Targets 4 | . 2 2 . Max Gunslinging Chain 1 | . 1 1 . Shots Hit Robots 183 | . 35 103 45 Core Hits 85 | . 19 37 29 Critical Kills . | . . . . Critical Parts Destroyed . | . . . . Critical Strikes . | . . . . Melee Attacks . | . . . . Impact . | . . . . Slashing . | . . . . Piercing . | . . . . Sneak Attacks . | . . . . Combat Hostiles . | . . . . Follow-up Attacks . | . . . . Damage Inflicted 2941 | . 543 1531 867 Guns 2522 | . 543 1194 785 Cannons . | . . . . Explosions 419 | . . 337 82 Melee . | . . . . Ramming . | . . . . Kinetic 1582 | . 543 969 70 Thermal 516 | . . 119 397 Explosive 337 | . . 337 . Electromagnetic 506 | . . 106 400 Impact . | . . . . Slashing . | . . . . Piercing . | . . . . Highest Corruption 2 | . . . 2 Average Corruption 2 | . . . 2 Corruption Purged . | . . . . Corruption Blocked . | . . . . Effects 2 | . . . 2 Matter Fused 2 | . . . 2 Overload Shots . | . . . . Overflow Damage 40 | . . . 40 Projectiles . | . . . . Explosions 40 | . . . 40 Melee . | . . . . Knockbacks . | . . . . Impact . | . . . . Kinetic . | . . . . Secondary . | . . . . Self-Inflicted Damage 255 | . . 72 183 Shots 5 | . . 3 2 Rammed . | . . . . Targets Rammed . | . . . . Kicked . | . . . . Crushed . | . . . . Highest Temperature 405 | . 5 101 405 Average Temperature 63 | . 1 23 123 Received Heat Transfer 1472 | . 78 781 613 Effects 5 | . . . 5 Shutdowns 2 | . . . 2 Interference 2 | . . . 2 Matter Decay 1 | . . . 1 Siege Activations . | . . . . Robots Corrupted 2 | . . 1 1 Combat Hostiles 2 | . . 1 1 Parts Fried 1 | . . 1 . Impact Corruptions . | . . . . Robots Melted . | . . . . Combat Hostiles . | . . . . Parts Melted . | . . . . Heat Transferred 1008 | . . 275 733 Parts Sabotaged . | . . . . Parts Stolen . | . . . . Parts Stripped . | . . . . Power Chain Reactions . | . . . . Alert | -11 -10 -9 -8 ------- Run | Yrd Mat Mat Mat Peak Influence 344 | . 194 344 277 Initial 144 | . . . 144 Average 110 | . 96 126 125 Maximum Alert Level 1 | . . 1 1 Low Security (%) 78 | 100 100 75 59 Level 1 21 | . . 24 40 Level 2 . | . . . . Level 3 . | . . . . Level 4 . | . . . . Level 5 . | . . . . High Security . | . . . . Max Security . | . . . . Squads Dispatched 3 | . 2 1 . Investigation 1 | . . 1 . Extermination . | . . . . Reinforcement 2 | . 2 . . Assault . | . . . . Garrison . | . . . . Intercept . | . . . . Searches Triggered . | . . . . Construction Impeded . | . . . . Haulers Reinforced . | . . . . Active Scanning Responses . | . . . . Cargo Convoy Interrupts . | . . . . Stealth | -11 -10 -9 -8 --------- Run | Yrd Mat Mat Mat Distress Signals 5 | . 1 2 2 Communications Jammed . | . . . . Distress Signals . | . . . . Times Spotted 62 | . 7 31 24 Peak Tracking Total 11 | . 3 9 11 Tactical Retreats 7 | . . 4 3 Traps | -11 -10 -9 -8 ------- Run | Yrd Mat Mat Mat Traps Triggered . | . . . . Indirectly . | . . . . Trap Hack Attempts . | . . . . Triggered . | . . . . Disarmed . | . . . . Reprogrammed . | . . . . Reused . | . . . . Traps Extracted . | . . . . Installed . | . . . . Triggered . | . . . . Machines | -11 -10 -9 -8 ---------- Run | Yrd Mat Mat Mat Machines Disabled 6 | . . . 6 Max in Single Turn 6 | . . . 6 Machines Repaired . | . . . . Machines Dismantled . | . . . . Machines Sabotaged . | . . . . Overloaded Fab Kills . | . . . . Hacking | -11 -10 -9 -8 --------- Run | Yrd Mat Mat Mat Machines Accessed 4 | . . 3 1 Terminals 3 | . . 2 1 Fabricators . | . . . . Repair Stations . | . . . . Recycling Units . | . . . . Scanalyzers 1 | . . 1 . Garrison Access . | . . . . Total Hacks 7 | . . 6 1 Successful 4 | . . 3 1 Failed 3 | . . 3 . Catastrophic . | . . . . Database Lockouts . | . . . . Manual 2 | . . 1 1 Terminals 4 | . . 3 1 Fabricators . | . . . . Repair Stations . | . . . . Recycling Units . | . . . . Scanalyzers 3 | . . 3 . Garrison Access . | . . . . Terminal Hacks 3 | . . 2 1 Level Access Points 1 | . . 1 . Unreport Threat 2 | . . 1 1 Fabricator Hacks . | . . . . Repair Station Hacks . | . . . . Recycling Unit Hacks . | . . . . Scanalyzer 1 | . . 1 . Insert Component 1 | . . 1 . Garrison Access Hacks . | . . . . Unauthorized Hacks . | . . . . Terminals . | . . . . Fabricators . | . . . . Repair Stations . | . . . . Recycling Units . | . . . . Scanalyzers . | . . . . Garrison Access . | . . . . Data Cores Recovered . | . . . . Used . | . . . . Hacking Detections 3 | . . 2 1 Full Trace Events 1 | . . 1 . Feedback Events . | . . . . Feedback Blocked . | . . . . Robot Schematics Acquired . | . . . . Robots Built . | . . . . Authchips . | . . . . Time . | . . . . Total Robot Build Rating . | . . . . Part Schematics Acquired . | . . . . Parts Built . | . . . . Authchips . | . . . . Time . | . . . . Total Part Build Rating . | . . . . Parts Repaired . | . . . . Time . | . . . . Parts Recycled . | . . . . Recycled Matter . | . . . . Retrieved Matter . | . . . . Retrieved Components . | . . . . Parts Scanalyzed 1 | . . 1 . Part Schematics Acquired . | . . . . Parts Damaged . | . . . . Bothacking | -11 -10 -9 -8 ------------ Run | Yrd Mat Mat Mat Used RIF Installer . | . . . . Robots Hacked . | . . . . Non-combat . | . . . . Combat . | . . . . Robot Hacks Applied . | . . . . Relay Couplers Released . | . . . . Fabnet Peak Effective % . | . . . . Robots Rewired . | . . . . Allies Hacked . | . . . . Hacks Repelled . | . . . . Allies | -11 -10 -9 -8 -------- Run | Yrd Mat Mat Mat Total Allies . | . . . . Largest Group . | . . . . Highest-Rated Group . | . . . . Highest-Rated Ally . | . . . . Total Orders . | . . . . Ally Attacks . | . . . . Total Damage . | . . . . Kills . | . . . . Allies Corrupted . | . . . . Allies Melted . | . . . . Intel | -11 -10 -9 -8 ------- Run | Yrd Mat Mat Mat Robot Analysis Total . | . . . . Derelict Logs Recovered . | . . . . Drone Launches . | . . . . Drone Recoveries . | . . . . Exploration | -11 -10 -9 -8 ------------- Run | Yrd Mat Mat Mat Turns Passed 1542 | 86 412 548 496 Spaces Moved 1056 | 63 187 435 371 Core 5 | 5 . . . Treads 154 | . 148 6 . Legs 101 | 58 39 4 . Wheels . | . . . . Hover 96 | . . . 96 Flight 700 | . . 425 275 Fastest Speed 31 | 50 120 31 34 Average Speed 83 | 114 151 49 83 Slowest Speed 360 | 120 160 360 180 Overloaded Moves . | . . . . Propulsion Burnouts . | . . . . Robots Hopped 8 | . . 3 5 Cave-ins Triggered . | . . . . Exploration Rate (%) 25 | 4 33 36 27 Regions Visited 3 Branch Regions . Pre-discovered Areas . | . . . . Known Exits Taken 1 | . . 1 . Unknown Exits Taken 2 | 1 1 . . Scrap Searched . | . . . . Spaces Dug . | . . . . Terrain Destroyed 85 | . . 48 37 Melee . | . . . . Projectile . | . . . . AOE 85 | . . 48 37 Terrain Rammed . | . . . . Walls Destroyed . | . . . . Machines Disabled . | . . . . Actions | -11 -10 -9 -8 --------- Run | Yrd Mat Mat Mat Total 1426 | 74 255 622 475 Wait 48 | . . 33 15 Move 1039 | 62 186 429 362 Hop 6 | . . 2 4 Pick Up 21 | 6 9 4 2 Fast Attach 49 | 6 7 16 20 Attach 17 | . . 15 2 Detach 14 | . 1 7 6 Swap 10 | . 3 5 2 Drop 35 | . 13 14 8 Fire 187 | . 36 97 54 Melee . | . . . . Ram . | . . . . Kick . | . . . . Crush . | . . . . Escape Stasis . | . . . . Rewire . | . . . . Trap . | . . . . Miscellaneous . | . . . . Route ------- -11/Scrapyard -10/Materials -9/Materials (discovered 3 exits: *Mat x3) -8/Materials History --------- Turn | Location | Event 5 | -11/Scrapyard | Discovered new exit (range 13) 87 | -11/Scrapyard | Entered Materials 323 | -10/Materials | Build established: Mutant 491 | -10/Materials | Discovered new exit (range 5) 499 | -10/Materials | Entered another Materials area 499 | -9/Materials | Evolved 2 slots: Propulsion x2 797 | -9/Materials | Identified exit to Materials 834 | -9/Materials | Core integrity fell below 50% 904 | -9/Materials | Lost 5 parts (1p2n2w) 926 | -9/Materials | Core integrity fell below 20% 967 | -9/Materials | Destroyed 9 combat bots 988 | -9/Materials | Lost 5 parts (1u4w) 1047 | -9/Materials | Entered another Materials area 1047 | -8/Materials | Evolved 2 slots: Propulsion x1, Utility x1 1239 | -8/Materials | Lost 3 parts (2n1w) 1496 | -8/Materials | Core integrity fell below 50% 1533 | -8/Materials | Core integrity fell below 20% 1543 | -8/Materials | Destroyed by S-10 Pest with Light Assault Rifle Last Messages --------------- 01484_ Critical hit (Burn: +26). 01488_ Y-45 Defender destroyed. 01490_ Shield Generator destroyed. 01490_ L-31 Rogue destroyed. 01494_ EM Shotgun destroyed. 01501_ M-13 Machinist repairs G-47 Trooper. 01501_ Acquired Lgt. EM Pulse Cannon. 01501_ Lgt. Nuclear Core destroyed. 01501_ Critical hit (Burn: +37). 01502_ Imp. Flight Unit destroyed. 01505_ K-01 Serf collects debris. 01507_ Terminal disabled. 01508_ Imp. Hover Unit destroyed. 01509_ Acquired Hvy. Assault Rifle. 01510_ K-01 Serf collects debris. 01511_ Shield Generator destroyed. 01514_ Hvy. Assault Rifle destroyed. 01514_ K-01 Serf collects debris. 01518_ Discarded Imp. Targeting Computer. 01521_ T-07 Excavator is excavating. Map ----- +----------------------------------------------------+ | ???????????????????????????# """ """ #???????????? | | ???????????????????????????# """ """ #???????????? | | ???????????????????????????# ############? | | ???????????????????????????# # # #? | | ???????????????????????????# # # """ #? | | ???????????????????????????# # # """ #? | | ??????????? #####################+### + """ #? | | ??????? # #? | | ??????? # "T" #? | | ??????? ########? | | #??????????########## k########### #???????? | | #???????????????????# # #??# #???????? | | #???????????????????# # #??# #???????? | | ###+################# + """ #??# #???????? | | # """ #??# #???????? | | ! % # """ #??# #???????? | | # #??# #???????? | | ###########s ########??# #???????? | | #??# # #######???# #???????? | | = #??# # # # ##### #???????? | | |%!|!! #??# =%+ # # #???????? | | ! !! #### * !# ########### #???????? | | !! # [*# #???????? | | # =# ##??????? | | ! ######## #??????? | | *!############/#####??## @ # "??? | | #! [ ## #??## + ??? | | # /!!##] #??## #??????? | | + *%*## #???# % != #??????? | | # "T"!%=# #??## ! ! ! #??????? | | # "" [## """ #??## ! #??????? | | # ## """"" #??# #??????? | | ######### """"" ##?# #??????? | | #???????# """"" #?# #??????? | | #???????# """ ##?# #??????? | | #???????##########??# #??????? | | #???????????????????### ########### #??????? | | +?????????????????????# ### ????# #??????? | | #?????????????????????# #?? ! ????# #??????? | | #?????????????????????# #?# ????#######??????? | | #?????????????????????? #?#! ?????????????????? | | #?????????????????????? ??# ??????????????????? | | #?????????????????????? ??##+??????????????????? | | ???????????????????????T???????????????????????? | | ???????????????????????????????????????????????? | | ?????????????????????????????????????????????????? | | ?????????????????????????????????????????????????? | | ?????????????????????????????????????????????????? | | ?????????????????????????????????????????????????? | | ?????????????????????????????????????????????????? | +----------------------------------------------------+ Best States ------------- Heat Dissipation 31 Energy Generation 14 Energy Capacity 250 Matter Stores 300 Matter Capacity 300 Sight Range 16 Robot Scan Range 15 Terrain Scan Density 10 Armor Coverage 300 Evasion (%) 63 Targeting Accuracy 6 Recoil Reduction 4 Item Schematics ----------------- None Robot Schematics ------------------ None Fabricated ------------ Nothing Alien Tech Used ----------------- None Achievements -------------- I Spy Challenges ------------ None Game ------ Seed LauncherDefenseTrap Manual? 0 Play Time 00:22:09 Cumulative 38.8 hours Start 2024.04.02 @ 22:32:14 End 2024.04.02 @ 22:48:38 Sessions 1 Manual Loads 0 Difficulty Rogue Special Mode None Game No. 88 Rogue 88 Adventurer 0 Explorer 0 Win Type - Total 0 Types 0/0/0/0/0/0/0/0/0 Lore% 20 Gallery% 31 Achievement% 26 Wizard Run 0 Options --------- Layout 0 ASCII 0 Keyboard 1 Movement Numpad Keybinds 0 Fullscreen 1 Font 18/X11 Map View 76x50 Zoom Use 0% Tactical HUD 1 Map Filters NONE Filters NONE Steam 1 RUN: 728f1f68-0044-4619-937e-e5e009552325